 Dungeon Crawl Stone Soup version 0.31-a0-833-gc15d34cb79 (webtiles) character file.

Game seed: 13843801796964109956

37 javelincjr the Ruffian (level 3, -2/27 HPs)
             Began as a Demonspawn Shapeshifter on Sept 25, 2023.
             Slain by a goblin
             ... wielding a +0 club
              (4 damage)
             ... on level 2 of the Dungeon.
             The game lasted 00:03:08 (994 turns).

javelincjr the Ruffian (Demonspawn Shapeshifter)     Turns: 994, Time: 00:03:09

Health: -2/27      AC:  2    Str: 16    XL:     3   Next: 23%
Magic:  3/3        EV:  9    Int: 11    God:
Gold:   79         SH:  0    Dex: 12    Spells: 2/2 levels left

rFire   x .          .
                       - Unarmed
rCold   + . .        (no shield)
rNeg    . . .        a - +0 animal skin
rPois   .            (helmet currently unavailable)
rElec   .            (cloak currently unavailable)
rCorr   .            (gloves currently unavailable)
SInv    .            (boots currently unavailable)
Will    .....        (no amulet)
Stlth   +            f - ring of ice
HPRegen 0.24/turn    (no ring)
MPRegen 0.08/turn

%: no passive effects
@: mighty, beast-form, constricted
A: beast (slay +1), claws 1
a: Begin Untransformation


You were on level 2 of the Dungeon.
You were a hulking beast.
You visited 1 branch of the dungeon, and saw 2 of its levels.

You collected 79 gold pieces.

Inventory:

Missiles
 i - 3 boomerangs
Armour
 a - a +0 animal skin (worn)
Jewellery
 f - a ring of ice (left claw)
Talismans
 c - a beast talisman (active)
 d - a flux talisman
Scrolls
 g - a scroll of identify {unknown}
 h - 2 scrolls of immolation {unknown}
 j - a scroll of revelation {unknown}
 k - a scroll of teleportation {unknown}
 l - a scroll of acquirement {unknown}
 m - a scroll of enchant armour {unknown}
Potions
 b - a potion of lignification
 e - a potion of might


   Skills:
 + Level 1.7 Fighting
 + Level 2.2 Dodging
 + Level 3.0 Unarmed Combat
 + Level 3.0 Shapeshifting


You had 2 spell levels left.
You didn't know any spells.
Your spell library was empty.

Dungeon Overview and Level Annotations

Branches:
Dungeon (2/15)

Altars:


Innate Abilities, Weirdness & Mutations

You are a hulking beast.
Your limbs bulge with bestial killing power. (Slay +1)
You have sharp fingernails.


Message History

The hobgoblin hits you. The goblin hits you with a +0 club.
The hobgoblin barely misses you.
You see here an amulet of regeneration.
You closely miss the ball python. The ball python closely misses you.
The ball python grabs you. The ball python constricts you.
The hobgoblin closely misses you. The goblin hits you with a +0 club.
You closely miss the ball python. The ball python bites you.
The ball python constricts you. The hobgoblin barely misses you.
The goblin barely misses you.
You barely miss the ball python. The ball python bites you.
The ball python constricts you. The hobgoblin hits you.
The goblin hits you with a +0 club.
You barely miss the ball python. The ball python closely misses you.
The ball python constricts you. The hobgoblin closely misses you.
The goblin completely misses you.
You scratch the ball python.
The ball python is moderately wounded.
The ball python bites you but does no damage.
The ball python constricts you. The hobgoblin hits you.
The ball python barely misses you. The ball python constricts you.
The goblin hits you but does no damage.
You barely miss the ball python. The ball python barely misses you.
The ball python constricts you. The hobgoblin hits you.
* * * LOW HITPOINT WARNING * * *
It was a potion of might.
You feel very mighty all of a sudden. The goblin closely misses you.
The ball python bites you but does no damage.
The ball python constricts you.
* * * LOW HITPOINT WARNING * * *
The hobgoblin hits you.
* * * LOW HITPOINT WARNING * * *
You barely miss the hobgoblin. The goblin closely misses you.
The ball python completely misses you. The ball python constricts you.
* * * LOW HITPOINT WARNING * * *
The hobgoblin closely misses you.
You claw the hobgoblin!
You kill the hobgoblin!
The goblin hits you with a +0 club.
You die...

..####......# #####...
.....#......# #.##
.....#......# #.#
#..>........########.#
....................#
# #..........########
#.##.....###.#
#....S...###.#
####.hg......#
#.....##[.#
#......#.....
.......##.####
##........ #.#######.
#. . #.


You could see a goblin and a ball python.

Vanquished Creatures
  An adder (D:2)
  A dart slug (D:1)
  2 endoplasms (D:1)
  A giant cockroach (D:1)
  5 hobgoblins
  2 quokkas (D:1)
  A ball python (D:1)
  3 frilled lizards (D:1)
  5 goblins (D:1)
  5 kobolds (D:1)
  2 rats
28 creatures vanquished.

Notes
Turn   | Place    | Note
-------+----------+-------------------------------------------
     0 | D:1      | javelincjr the Demonspawn Shapeshifter began the quest for
                  | the Orb.
     0 | D:1      | Reached XP level 1. HP: 15/15 MP: 1/1
   211 | D:1      | Gained mutation: You have sharp fingernails. [demonic
                  | ancestry]
   211 | D:1      | Reached XP level 2. HP: 8/21 MP: 2/2
   839 | D:2      | Reached XP level 3. HP: 14/27 MP: 3/3
   994 | D:2      | Slain by a goblin

Illustrated notes

Levels and vault maps discovered:
D:1:      matt_arrival_grand_opening, layout_loops_cross
D:2:      layout_basic, serial_corexii_hall, corexii_hall_statues_u,
          corexii_hall_statues_l, shapermc_ecumenical_altar_mp_ritualfount

Skill      XL: |  1  2 |
---------------+-------+-----
Dodging        | 2 |  2.2
Unarmed Combat | 3 |  3.0
Shapeshifting  | 3 |  3.0
Fighting       | |  1.7

Action                     || total
---------------------------++-------
  Melee: Unarmed           ||    91
    Use: Potion            ||     1
   Stab: Sleeping          ||     1
 Armour: Animal skin       ||    48
  Dodge: Dodged            ||    59

Table legend: (Time is in decaauts)
 A = Elapsed time spent in this place.
 B = Non-inter-level travel time spent in this place.
 C = Inter-level travel time spent in this place.
 D = Time resting spent in this place.
 E = Time spent auto-exploring this place.
 F = Levels seen in this place.
 G = Mean time per level.
                   A        B        C        D        E       F      G
               +--------+--------+--------+--------+--------+-----+--------+
         Total |    988 |    942 |     46 |      0 |    755 |   2 |  494.0 |
       Dungeon |    988 |    942 |     46 |      0 |    755 |   2 |  494.0 |
               +--------+--------+--------+--------+--------+-----+--------+

Top non-repeatable levels by time:
     D:1: 823 daAuts
     D:2: 164 daAuts
